 Dungeon Crawl Stone Soup version 0.31-a0-221-gbddc013574 (webtiles) character file.

Game seed: 17045818411969319381

7990 qw the Cleaver (level 11, -1/69 HPs)
             Began as a Gargoyle Fighter on July 3, 2023.
             Was an Elder of Okawaru.
             Slain by an entropy weaver (shapeshifter) (8 damage)
             ... on level 9 of the Dungeon.
             The game lasted 00:03:27 (7602 turns).

qw the Cleaver (Gargoyle Fighter)                   Turns: 7602, Time: 00:03:27

Health: -1/69      AC: 26    Str: 25    XL:     11   Next: 23%
Magic:  14/14      EV: 10    Int:  8    God:    Okawaru [****..]
Gold:   486        SH:  7    Dex: 15    Spells: 10/10 levels left

rFire   . . .        Y - +3 broad axe (elec)
rCold   . . .        c - +0 buckler
rNeg    + . .        x - +0 plate armour
rPois   inf          m - +0 helmet
rElec   +            (no cloak)
rCorr   .            (no gloves)
SInv    .            f - +0 pair of boots
Will    .....        l - amulet of faith Stlth
                     k - +6 ring of dexterity
HPRegen 0.31/turn    (no ring)
MPRegen 0.14/turn

%: faith
@: about to teleport, heroic, spiked
A: sickness immunity, AC +8, negative energy resistance 1, electricity
resistance, torment resistance 1, petrification resistance
a: Renounce Religion, Heroism, Finesse


You were on level 9 of the Dungeon.
You worshipped Okawaru.
Okawaru was greatly pleased with you.
You visited 2 branches of the dungeon, and saw 10 of its levels.

You collected 486 gold pieces.


Innate Abilities, Weirdness & Mutations

You are immune to sickness and miasma.
Your stone body is resilient. (AC +8)
You are immune to poison.
You resist negative energy. (rN+)
You are resistant to electric shocks. (rElec)
You are resistant to unholy torment.
You are immune to petrification.


   Skills:
 + Level 8.9(13.9) Fighting
 - Level 11.3(16.3) Axes
 - Level 3.0(8.0) Throwing
 - Level 7.0(12.0) Armour
 - Level 2.0(7.0) Dodging
 - Level 5.3(10.3) Shields
 + Level 4.7 Invocations


You had 10 spell levels left.
You didn't know any spells.
Your spell library was empty.

Inventory:

Hand Weapons
 w - a +1 hand axe of flaming
 Y - a +3 broad axe of electrocution (weapon)
Missiles
 i - a javelin (quivered)
 u - 4 boomerangs
Armour
 c - a +0 buckler (worn)
 f - a +0 pair of boots (worn)
 m - a +0 helmet (worn)
 x - a +0 plate armour (worn)
Jewellery
 e - an amulet of reflection
 k - a +6 ring of dexterity (left hand)
 l - an amulet of faith (around neck)
Scrolls
 a - 2 scrolls of identify
 q - a scroll of teleportation
Potions
 b - a potion of resistance
 d - a potion of might
 g - 3 potions of attraction
 h - a potion of lignification {unknown}
 j - a potion of curing
 n - a potion of mutation
 o - a potion of magic
 p - 2 potions of enlightenment

Dungeon Overview and Level Annotations

Branches:
Dungeon (9/15)             Temple (1/1) D:5
   Lair: D:8-11         Orc: D:9-12

Altars:
Ashenzari
Cheibriados
Dithmenos
Elyvilon
Fedhas
Gozag
Kikubaaqudgha
Makhleb
Nemelex Xobeh
Okawaru
Qazlal
Ru
Sif Muna
Trog
Uskayaw
Vehumet
Wu Jian
Yredelemnul
Zin
The Shining One

Annotations:
D:6 1 runed translucent door, Crazy Yiuf
D:7 2 runed translucent doors, qw's ghost, novice GrFi


Message History

The centaur shoots an arrow.
The arrow barely misses you.
You slash the yak!
The yak is severely wounded.
The manticore flicks its tail.
The volley of spikes hits you!
The barbed spikes become lodged in your body.
You block the yak's attack.
The centaur shoots an arrow.
You block the arrow.
You slice the yak!!
You kill the yak!
Okawaru accepts your kill.
The centaur shoots an arrow.
The arrow barely misses you.
A kobold comes into view. It is wielding a +0 short sword.
The barbs in your skin will harm you if you move.
Continue?
The barbed spikes dig painfully into your body as you move.
The centaur shoots an arrow.
The arrow hits you but does no damage. The manticore closely misses you.
The manticore claws you. You block the manticore's attack.
The centaur shoots an arrow.
You block the arrow.
Items here: )) [[.
Enter note:
Enter note:
Enter note:
Enter note: You closely miss the manticore.
The centaur shoots an arrow.
The arrow hits you. You block the manticore's attack.
The manticore barely misses you. The manticore closely misses you.
7601 ||| READING 2 scrolls of teleportation.
As you read the scroll of teleportation, it crumbles to dust.
You feel strangely unstable.
A centaur warrior comes into view.
The centaur shoots an arrow.
The arrow hits you but does no damage.
The manticore bites you but does no damage.
The manticore closely misses you.
The manticore claws you but does no damage.
You barely miss the entropy weaver. You barely miss the manticore.
The centaur shoots an arrow.
The arrow hits you!
The entropy weaver hits you but does no damage. x2
The entropy weaver hits you. The entropy weaver hits you!
You die...

..#####..# #..### .........#
.#. #..### .........##..#
##..... ..........#..#
#...... ..........#..#
#...... .#######..#..#
#...... #..##..##### ##.....
#..#H.#..... #.....
..######..#@B....c. #.....
...K...).##)).##### ##....
..c......#)####...#### #....
...#####.c##.........###....
. #.K......##..........
##.......####.....##.
.................## .
##.#####.............# .
#.......#.............#


You could see an entropy weaver, a centaur warrior, a manticore, a centaur and a
kobold.

Vanquished Creatures
  2 tengu warriors (D:8)
  A two-headed ogre (D:9)
  Pikel (D:5)
  A hornet (D:9)
  Grinder (D:4)
  Prince Ribbit (D:8)
  10 yaks
  A wyvern (D:9)
  A shadow (D:9)
  A basilisk (D:9)
  A steam dragon (D:8)
  Edmund (D:5)
  Menkaure (D:4)
  A water moccasin (D:8)
  2 orc warriors
  2 black bears
  An ice beast (D:4)
  2 sky beasts (D:7)
  An ogre (D:5)
  6 centaurs
  A phantom (D:4)
  3 kobold brigands
  4 bullfrogs
  6 scorpions
  A wight (D:9)
  5 hounds
  2 jellies
  A gnoll bouda (D:5)
  An iguana (D:4)
  5 orc wizards
  10 gnolls
  6 adders
  3 shadow imps
  2 white imps
  3 ufetubi
  4 worms
  3 dart slugs
  27 orcs
  2 ball pythons
  7 endoplasms
  3 giant cockroaches
  10 goblins
  6 hobgoblins
  6 jackals (D:4)
  12 kobolds
  7 quokkas
  5 bats
  2 frilled lizards
  6 rats
191 creatures vanquished.

Vanquished Creatures (others)
  A sleepcap (D:6)
1 creature vanquished.

Grand Total: 192 creatures vanquished

Notes
Turn   | Place    | Note
-------+----------+-------------------------------------------
     0 | D:1      | qw the Gargoyle Fighter began the quest for the Orb.
     0 | D:1      | Reached XP level 1. HP: 14/14 MP: 1/1
     0 | D:1      | 0 ||| qw: Version: 0.3-a-40-ge99b1a8
     0 | D:1      | 0 ||| qw: Game counter: 571
     0 | D:1      | 0 ||| qw: Melee chars always use a shield: true
     0 | D:1      | 0 ||| qw: God list: Okawaru
     0 | D:1      | 0 ||| qw: Allow faded altars: false
     0 | D:1      | 0 ||| qw: Do Orc after clearing Dungeon:15 true
     0 | D:1      | 0 ||| qw: Do second Lair branch before Depths: true
     0 | D:1      | 0 ||| qw: Lair rune preference: random
     0 | D:1      | 0 ||| qw: Goals: Normal, Zot:1-4, Slime:5, God:TSO, Crypt,
                  | Tomb, Abyss, Pan, Hells, Win
     0 | D:1      | 0 ||| PLANNING D:1-11
     1 | D:1      | You fall into a shaft and drop 1 floor!
    13 | D:1      | 13 ||| Stepping ~*~*~tactically~*~*~ (stealth).
    18 | D:1      | Reached skill level 2 in Axes
    19 | D:1      | 19 ||| Stepping ~*~*~tactically~*~*~ (hiding).
   111 | D:1      | Reached XP level 2. HP: 19/19 MP: 2/2
   180 | D:1      | 180 ||| Stepping ~*~*~tactically~*~*~ (stealth).
   282 | D:1      | Reached skill level 3 in Axes
   295 | D:1      | Reached XP level 3. HP: 22/23 MP: 3/3
   298 | D:1      | 298 ||| Stepping ~*~*~tactically~*~*~ (stealth).
   646 | D:1      | 646 ||| UPGRADING to +0 pair of boots.
   651 | D:1      | 651 ||| UPGRADING to amulet of reflection.
   656 | D:1      | 656 ||| UPGRADING to +6 ring of dexterity.
   657 | D:1      | 657 ||| READING scroll labelled HUDWENNYOR.
   658 | D:1      | 658 ||| READING scroll labelled CEAKUS MUI.
   659 | D:1      | 659 ||| READING scroll labelled FOORI YLOECAT.
   674 | D:2      | 674 ||| DROPPING +0 club.
   717 | D:2      | 717 ||| Stepping ~*~*~tactically~*~*~ (stealth).
   718 | D:2      | 718 ||| Stepping ~*~*~tactically~*~*~ (stealth).
   738 | D:2      | Reached skill level 1 in Dodging
   844 | D:2      | Reached XP level 4. HP: 20/28 MP: 4/4
  1201 | D:2      | 1201 ||| READING scroll labelled KUIQYU XIOVY.
  1201 | D:2      | Identified a scroll of acquirement
  1201 | D:2      | 1201 ||| ACQUIRING +2 broad axe of electrocution
  1201 | D:2      | Acquired a +2 broad axe of electrocution
  1203 | D:2      | 1203 ||| SWAPPING to +2 broad axe of electrocution.
  1204 | D:2      | 1204 ||| DROPPING +0 war axe.
  1205 | D:2      | 1205 ||| READING scroll labelled GAXUCOIJAL.
  1206 | D:2      | 1206 ||| READING scroll labelled ZIH ILAUNTETOA.
  1207 | D:2      | 1207 ||| DRINKING 2 glowing emerald potions.
  1240 | D:3      | Found a sacrificial altar of Ru.
  1262 | D:3      | 1262 ||| DROPPING +0 whip.
  1458 | D:3      | 1458 ||| Stepping ~*~*~tactically~*~*~ (hiding).
  1460 | D:3      | 1460 ||| Stepping ~*~*~tactically~*~*~ (hiding).
  1829 | D:3      | Reached skill level 1 in Throwing
  1837 | D:3      | Reached skill level 4 in Axes
  1940 | D:3      | Reached XP level 5. HP: 32/32 MP: 5/5
  2013 | D:3      | 2013 ||| Stepping ~*~*~tactically~*~*~ (hiding).
  2186 | D:3      | Found a faded altar of an unknown god.
  2189 | D:3      | 2189 ||| UPGRADING to +0 helmet.
  2194 | D:3      | 2194 ||| UPGRADING to +0 chain mail.
  2204 | D:3      | 2204 ||| DROPPING +0 scale mail.
  2205 | D:3      | 2205 ||| UPGRADING to amulet of faith.
  2215 | D:3      | 2215 ||| READING 2 scrolls labelled XACKOO IMNOLITH.
  2216 | D:3      | 2216 ||| READING scroll labelled MYOSTI RASTRI.
  2217 | D:3      | 2217 ||| READING scroll labelled IMESAM ZUDUCEF.
  2218 | D:3      | 2218 ||| READING scroll labelled ACISUE MUDY.
  2348 | D:4      | Identified the +1 leather armour of the Old World {Will+
                  | Slay+3}
  2406 | D:4      | Noticed a phantom
  2416 | D:4      | Killed a phantom
  2417 | D:4      | Reached skill level 5 in Axes
  2417 | D:4      | Reached XP level 6. HP: 37/37 MP: 6/6
  2470 | D:4      | 2470 ||| Stepping ~*~*~tactically~*~*~ (hiding).
  2471 | D:4      | 2471 ||| Stepping ~*~*~tactically~*~*~ (hiding).
  2498 | D:4      | 2498 ||| Stepping ~*~*~tactically~*~*~ (stealth).
  2500 | D:4      | 2500 ||| Stepping ~*~*~tactically~*~*~ (stealth).
  2520 | D:4      | Noticed an ice beast
  2525 | D:4      | Killed an ice beast
  2526 | D:4      | 2526 ||| FLEEEEING.
  2527 | D:4      | 2527 ||| FLEEEEING.
  2528 | D:4      | 2528 ||| FLEEEEING.
  2533 | D:4      | 2533 ||| FLEEEEING.
  2547 | D:4      | 2547 ||| FLEEEEING.
  2548 | D:4      | 2548 ||| FLEEEEING.
  2622 | D:4      | Noticed Menkaure
  2623 | D:4      | 2623 ||| Stepping ~*~*~tactically~*~*~ (hiding).
  2628 | D:4      | HP: 6/38 [Menkaure (12)]
  2629 | D:4      | 2629 ||| READING scroll of teleportation.
  2631 | D:4      | Killed Menkaure
  2632 | D:4      | Reached skill level 6 in Axes
  2632 | D:4      | Reached XP level 7. HP: 8/43 MP: 7/7
  2974 | D:4      | 2974 ||| Stepping ~*~*~tactically~*~*~ (stealth).
  3004 | D:4      | Noticed Grinder
  3005 | D:4      | 3005 ||| Stepping ~*~*~tactically~*~*~ (hiding).
  3018 | D:4      | Paralysed by Grinder for 5 turns
  3024 | D:4      | Killed Grinder
  3025 | D:4      | Reached skill level 7 in Axes
  3107 | D:4      | Found a basalt altar of Yredelemnul.
  3218 | D:4      | Found a white marble altar of Elyvilon.
  3314 | D:4      | 3314 ||| Stepping ~*~*~tactically~*~*~ (stealth).
  3316 | D:4      | 3316 ||| Stepping ~*~*~tactically~*~*~ (stealth).
  3440 | D:4      | 3440 ||| DRINKING 2 glowing golden potions.
  3441 | D:4      | 3441 ||| READING 4 scrolls of identify.
  3441 | D:4      | 3441 ||| IDENTIFYING ruby potion
  3442 | D:4      | 3442 ||| READING 3 scrolls of identify.
  3442 | D:4      | 3442 ||| IDENTIFYING fizzy brown potion
  3443 | D:4      | 3443 ||| READING 2 scrolls of identify.
  3443 | D:4      | 3443 ||| IDENTIFYING smoky silvery potion
  3444 | D:4      | 3444 ||| DROPPING potion of invisibility.
  3481 | D:5      | Entered Level 5 of the Dungeon
  3496 | D:5      | Reached XP level 8. HP: 48/48 MP: 8/8
  3588 | D:5      | 3588 ||| Stepping ~*~*~tactically~*~*~ (stealth).
  3591 | D:5      | 3591 ||| Stepping ~*~*~tactically~*~*~ (stealth).
  3592 | D:5      | 3592 ||| Stepping ~*~*~tactically~*~*~ (stealth).
  3662 | D:5      | Noticed Pikel
  3668 | D:5      | Killed Pikel
  3669 | D:5      | Reached skill level 8 in Axes
  3671 | D:5      | Noticed Edmund
  3679 | D:5      | Killed Edmund
  3800 | D:5      | Reached XP level 9. HP: 53/55 MP: 9/9
  3834 | D:5      | Found a stormy altar of Qazlal.
  3893 | D:5      | Reached skill level 6 in Fighting
  3925 | D:5      | Found a staircase to the Ecumenical Temple.
  3926 | D:5      | 3926 ||| PLANNING TEMPLE
  3926 | D:5      | 3926 ||| READING scroll labelled JYXAXK ILAOG.
  3963 | D:5      | 3963 ||| READING scroll labelled UJUTSOLA KIUDI.
  3970 | D:5      | 3970 ||| Stepping ~*~*~tactically~*~*~ (stealth).
  3976 | D:5      | Reached skill level 9 in Axes
  3984 | Temple   | Entered the Ecumenical Temple
  3997 | Temple   | 3997 ||| PLANNING OKAWARU WORSHIP
  4247 | Temple   | Became a worshipper of Warmaster Okawaru
  4248 | Temple   | 4248 ||| PLANNING D:1-11
  4624 | D:5      | 4624 ||| DRINKING 2 bubbling brown potions.
  4625 | D:5      | 4625 ||| READING 3 scrolls of identify.
  4625 | D:5      | 4625 ||| IDENTIFYING fuming red potion
  4626 | D:5      | 4626 ||| READING 2 scrolls of identify.
  4626 | D:5      | 4626 ||| IDENTIFYING murky coppery potion
  4627 | D:5      | 4627 ||| DROPPING potion of degeneration.
  4652 | D:6      | 4652 ||| STAIRDANCE
  4946 | D:6      | Reached * piety under Okawaru
  4981 | D:6      | Found a broken altar of Ashenzari.
  4985 | D:6      | 4985 ||| INVOKING Heroism.
  4986 | D:6      | 4986 ||| INVOKING Heroism.
  5280 | D:6      | Found a runed translucent door.
  5281 | D:6      | Noticed Crazy Yiuf
  5334 | D:6      | 5334 ||| DROPPING amulet of the acrobat.
  5335 | D:6      | 5335 ||| DROPPING ring of wizardry.
  5336 | D:6      | 5336 ||| READING scroll labelled JOXAIPAOWE.
  5394 | D:7      | Reached skill level 1 in Invocations
  5529 | D:7      | Found a large runed translucent door.
  5531 | D:7      | Found a large runed translucent door.
  5533 | D:7      | Noticed qw's ghost (novice GrFi)
  5583 | D:7      | 5583 ||| Stepping ~*~*~tactically~*~*~ (hiding).
  5592 | D:7      | Reached XP level 10. HP: 62/63 MP: 11/11
  5714 | D:7      | Reached skill level 10 in Axes
  5754 | D:7      | Found a shimmering blue altar of Sif Muna.
  5950 | D:7      | Reached skill level 3 in Invocations
  6075 | D:7      | 6075 ||| INVOKING Heroism.
  6096 | D:7      | 6096 ||| DROPPING +0 mace.
  6097 | D:7      | 6097 ||| DROPPING +0 flail.
  6142 | D:7      | 6142 ||| DROPPING +1 ring mail of fire resistance.
  6143 | D:7      | 6143 ||| UPGRADING to +0 plate armour.
  6153 | D:7      | 6153 ||| DROPPING +0 chain mail.
  6192 | D:8      | 6192 ||| Stepping ~*~*~tactically~*~*~ (hiding).
  6332 | D:8      | Noticed Prince Ribbit
  6348 | D:8      | Killed Prince Ribbit
  6512 | D:8      | Noticed a +0 dagger
  6513 | D:8      | Noticed a +0 short sword
  6513 | D:8      | Noticed a +0 spear
  6513 | D:8      | Noticed a +0 short sword
  6514 | D:8      | Noticed a +0 falchion
  6514 | D:8      | Noticed a +0 dagger
  6514 | D:8      | Noticed a +0 spear
  6514 | D:8      | Noticed a +0 falchion
  6519 | D:8      | Found a hide-covered altar of Uskayaw.
  6577 | D:8      | Noticed a tengu warrior
  6578 | D:8      | Noticed a tengu warrior
  6585 | D:8      | 6585 ||| INVOKING Heroism.
  6587 | D:8      | Killed a tengu warrior
  6587 | D:8      | Reached ** piety under Okawaru
  6589 | D:8      | HP: 14/63 [tengu warrior/+0 glaive (4)]
  6590 | D:8      | 6590 ||| READING 3 scrolls of teleportation.
  6591 | D:8      | Killed a tengu warrior
  6595 | D:8      | 6595 ||| READING 2 scrolls of teleportation.
  6795 | D:8      | 6795 ||| Stepping ~*~*~tactically~*~*~ (hiding).
  6920 | D:8      | 6920 ||| INVOKING Heroism.
  6924 | D:8      | Reached skill level 3 in Throwing
  6924 | D:8      | 6924 ||| Stepping ~*~*~tactically~*~*~ (cloud).
  6926 | D:8      | 6926 ||| Stepping ~*~*~tactically~*~*~ (cloud).
  7206 | D:8      | 7206 ||| Stepping ~*~*~tactically~*~*~ (stealth).
  7207 | D:8      | 7207 ||| Stepping ~*~*~tactically~*~*~ (stealth).
  7209 | D:8      | 7209 ||| Stepping ~*~*~tactically~*~*~ (stealth).
  7329 | D:8      | 7329 ||| READING scroll labelled KAETIR JENNODA.
  7330 | D:8      | 7330 ||| READING 3 scrolls of identify.
  7330 | D:8      | 7330 ||| IDENTIFYING fizzy clear potion
  7331 | D:8      | 7331 ||| DROPPING potion of ambrosia.
  7357 | D:9      | 7357 ||| STAIRDANCE
  7413 | D:9      | Reached *** piety under Okawaru
  7556 | D:9      | 7556 ||| Stepping ~*~*~tactically~*~*~ (hiding).
  7569 | D:9      | 7569 ||| Stepping ~*~*~tactically~*~*~ (stealth).
  7575 | D:9      | 7575 ||| Stepping ~*~*~tactically~*~*~ (stealth).
  7576 | D:9      | Noticed a two-headed ogre
  7577 | D:9      | 7577 ||| INVOKING Heroism.
  7580 | D:9      | Reached XP level 11. HP: 66/69 MP: 11/14
  7585 | D:9      | Killed a two-headed ogre
  7585 | D:9      | Reached **** piety under Okawaru
  7586 | D:9      | Reached skill level 11 in Axes
  7590 | D:9      | Noticed a manticore
  7595 | D:9      | Noticed an entropy weaver
  7600 | D:9      | HP: 15/69 [centaur/arrow (3)]
  7601 | D:9      | 7601 ||| READING 2 scrolls of teleportation.
  7601 | D:9      | Noticed a centaur warrior
  7602 | D:9      | HP: 7/69 [entropy weaver (shapeshifter) (2)]
  7602 | D:9      | Slain by an entropy weaver (shapeshifter)

Levels and vault maps discovered:
D:1:      minmay_arrival_stone_box, layout_rooms, dk_noncrumbling_2
D:2:      layout_rooms
D:3:      layout_loops_corners, nicolae_overflow_crystal_walls,
          chequers_ecumenical_altar_grove
D:4:      layout_loops_corners, kennysheep_ying_yang, uniq_menkaure,
          uniq_grinder
D:5:      layout_gridville, nicolae_qazlal_scattered_showers,
          minmay_temple_entry_mini_moons, minmay_curled_crystal, st_stairs_9,
          uniq_pikel, uniq_edmund
D:6:      layout_cave_pools, ashenzari_altar_1, grunt_ministairs_2,
          uniq_crazy_yiuf_cottage
D:7:      layout_loops_ring, lemuel_blue_sif_altar, ebering_ghost_disaster_area,
          serial_park_tiny_2
D:8:      layout_loops_cross, nicolae_uskayaw_en_pointe, uniq_prince_ribbit1
D:9:      layout_small_grid, nicolae_hepliaklqana_hippocampus, nicolae_wwwww,
          minmay_crystal_room, grunt_decor_one_mirror, minmay_pinched_square
Temple:   oiseaux_autumnal_temple

Skill      XL: |  1  2  3  4  5  6  7  8  9 10 11 |
---------------+----------------------------------+-----
Axes           | 2 3 4 5 6 7 8 9 10 11 | 11.3
Dodging        | 1 2 |  2.0
Throwing       | 1 2 3 |  3.0
Fighting       | 4 5 7 8 |  8.9
Armour         | 4 5 7 |  7.0
Shields        | 4 5 |  5.3
Invocations    | 1 4 |  4.7

Action                     |  1- 3 |  4- 6 |  7- 9 | 10-12 || total
---------------------------+-------+-------+-------+-------++-------
  Melee: War axe           |    94 |     2 |       |       ||    96
         Broad axe         |       |    66 |   137 |   111 ||   314
  Throw: Javelin           |       |    46 |    51 |    10 ||   107
         Boomerang         |       |     5 |     2 |    12 ||    19
 Invoke: Heroism           |       |       |     1 |     4 ||     5
    Use: Scroll            |     3 |     8 |     8 |     5 ||    24
         Potion            |       |     1 |     2 |       ||     3
 Armour: Scale mail        |    38 |    12 |       |       ||    50
         Chain mail        |       |    16 |   101 |    17 ||   134
         Plate armour      |       |       |       |    80 ||    80
  Dodge: Dodged            |    33 |    17 |    71 |    56 ||   177
  Block: Buckler           |    32 |    27 |    45 |    57 ||   161
         Reflection        |       |     1 |       |       ||     1

Table legend:
 A = Non-vault XP
 B = Vault XP
 C = Vault XP percentage of total XP
 D = Non-vault monster count
 E = Vault monster count
 F = Vault count percentage of total count
                 A         B        C        D         E       F
            +---------+---------+-------+---------+---------+-------
      Total |    7461 |    3954 |  34.6 |     167 |      25 |  13.0
            +---------+---------+-------+---------+---------+-------
        D:1 |      47 |       0 |   0.0 |      19 |       0 |   0.0
        D:2 |      39 |       0 |   0.0 |      13 |       0 |   0.0
        D:3 |     141 |       0 |   0.0 |      22 |       0 |   0.0
        D:4 |     487 |     441 |  47.5 |      34 |       2 |   5.6
        D:5 |    1712 |    1040 |  37.8 |      21 |       9 |  30.0
        D:6 |     584 |      28 |   4.6 |      17 |       2 |  10.5
        D:7 |     815 |       0 |   0.0 |      16 |       0 |   0.0
        D:8 |    2749 |     259 |   8.6 |      18 |       1 |   5.3
        D:9 |     887 |    2186 |  71.1 |       7 |      11 |  61.1
            +---------+---------+-------+---------+---------+-------
